 Dungeon Crawl Stone Soup version 0.24-a0-203-gf0bc1e9 (webtiles) character file.

Game seed: 16410869601986596739

5882 Atlas the Thaumaturge (level 10, -4/73 HPs)
             Began as a Mummy Necromancer on Mar 26, 2019.
             Was an Initiate of Gozag.
             Slain by a two-headed ogre
             ... wielding a +0 dire flail
              (20 damage)
             ... on level 9 of the Dungeon.
             The game lasted 00:18:42 (13404 turns).

Atlas the Thaumaturge (Mummy Necromancer)          Turns: 13404, Time: 00:18:43

Health: -4/73      AC: 12    Str: 13    XL:     10   Next: 52%
Magic:  18/22      EV: 12    Int: 17    God:    Gozag
Gold:   1138       SH:  0    Dex: 12    Spells: 22/26 levels left

rFire    + . .     SeeInvis +   g - +0 morningstar (protect)
rCold    . . .     Gourm    .   (no shield)
rNeg     + + +     Faith    .   o - +2 ring mail {rF+}
rPois    ∞         Spirit   .   j - +0 helmet
rElec    .         Reflect  .   f - +2 cloak
rCorr    .         Harm     .   (no gloves)
MR       +....                  (no boots)
Stlth    +.........             q - amulet of the acrobat
HPRegen  0.22/turn              n - ring of fire
MPRegen  0.18/turn              a - ring of see invisible

@: about to teleport
A: no food or potions, fire vulnerability, cold resistance 1, negative energy
resistance 3, torment resistance, unbreathing
a: Potion Petition, Call Merchant, Bribe Branch, Renounce Religion


You were on level 9 of the Dungeon.
You worshipped Gozag.
Gozag was most pleased with you.
You were not hungry.

You visited 2 branches of the dungeon, and saw 10 of its levels.
You also visited: Ossuary.

You collected 1272 gold pieces.
You paid 134 gold pieces to Gozag.

Inventory:

Hand Weapons
 g - a +0 morningstar of protection (weapon)
 k - a +0 flail of draining
Armour
 f - a +2 cloak (worn)
 j - a +0 helmet (worn)
 o - a +2 ring mail of fire resistance (worn)
Jewellery
 a - a ring of see invisible (right hand)
 n - a ring of fire (left hand)
 q - an amulet of the acrobat (around neck)
 r - an uncursed ring of stealth
Wands
 h - a wand of digging (1)
Scrolls
 b - 5 scrolls of fear {unknown}
 c - 2 scrolls of blinking {unknown}
 d - 6 scrolls of remove curse
 e - 3 scrolls of magic mapping {unknown}
 i - 7 scrolls of teleportation
 l - a scroll of noise
 m - 3 scrolls of immolation
 p - a scroll of enchant armour
 s - a scroll of enchant weapon {unknown}


   Skills:
 + Level 4.4 Fighting
   Level 2.4 Short Blades
 + Level 6.3 Maces & Flails
 + Level 4.5 Armour
 + Level 4.6 Dodging
 + Level 2.1 Stealth
 + Level 8.8 Spellcasting
 + Level 8.1 Necromancy


You had 22 spell levels left.
You knew the following spells:

 Your Spells              Type           Power        Failure   Level  Hunger
a - Pain                  Necr           ####         1%          1    N/A
c - Vampiric Draining     Necr           #####.....   1%          3    N/A

Your spell library contained the following spells:

 Spells                   Type           Power        Failure   Level  Hunger
 Animate Skeleton         Necr           N/A          1%          1    N/A
 Animate Dead             Necr           N/A          7%          4    N/A
 Regeneration             Chrm/Necr      Unusable     N/A         3    N/A

Dungeon Overview and Level Annotations

Branches:
Dungeon (9/15)             Temple (1/1) D:4
   Lair: D:8-11         Orc: D:9-12

Altars:
Ashenzari
Cheibriados
Dithmenos
Elyvilon
Fedhas
Gozag
Hepliaklqana
Kikubaaqudgha
Makhleb
Nemelex Xobeh
Okawaru
Qazlal
Ru
Sif Muna
Trog
Uskayaw
Vehumet
Wu Jian
Xom
Zin
The Shining One

Shops:
D:6 [   D:7 (


Innate Abilities, Weirdness & Mutations

You do not eat or drink.
Your flesh is vulnerable to fire.
You are immune to poison.
Your flesh is cold resistant. (rC+)
You are immune to negative energy. (rN+++)
You are immune to unholy pain and torment.
You can survive without breathing.


Message History

Casting: Vampiric Draining (safe; 1% risk of failure)
Confirm with . or Enter, or press ? or * to list all spells.
Aiming: Vampiric Draining (safe; 1% risk of failure)
Press: ? - help, Shift-Dir - straight line, f/p - two-headed ogre
Aim: a two-headed ogre, wielding a +0 dire flail and a +0 giant club (moderately wounded)
The two-headed ogre is heavily wounded.
You feel life coursing into your body.
The two-headed ogre hits you with a +0 dire flail!
* * * LOW HITPOINT WARNING * * *
The two-headed ogre hits you with a +0 giant club!
* * * LOW HITPOINT WARNING * * *
Found a stone staircase leading down.
There is an escape hatch in the ceiling here.
There is a stone staircase leading up here.
The two-headed ogre misses you. x2
As you read the scroll of teleportation, it crumbles to dust.
You feel strangely unstable.
The two-headed ogre hits you with a +0 dire flail!!
You die...
Your body crumbles into a pile of gold.

....?..#.....<......#
#.###......z.#......#
............##......#
##..........#......[###
.................#....#
................##z..##
##...#.........###...#
#..#.......#.....#z<##
...#.##..###....@O...#
..... ##.##.....##..##
..... ##.###...[.#.##
....# #..# ##..#####
....###).# ####
.....##..# .........###
......##<..#
...........#


You could see a two-headed ogre and a wight.

Vanquished Creatures
  Pikel (D:8)
  3 hippogriffs
  Prince Ribbit (D:7)
  Sigmund (D:6)
  A wyvern (D:8)
  Edmund (D:6)
  3 ice beasts
  2 sky beasts
  A slave (D:8)
  A black bear (D:9)
  An orc warrior (D:9)
  7 ogres
  A phantom (D:8)
  4 centaurs
  3 big kobolds
  3 bullfrogs
  2 scorpions (D:5)
  4 killer bees (D:8)
  15 wights
  A howler monkey (D:6)
  2 jellies
  A centaur zombie (D:9)
  5 crimson imps
  3 hounds
  2 quasits
  2 orc priests
  A gnoll shaman (D:6)
  A centaur skeleton (D:5)
  An iguana (D:9)
  6 orc wizards
  3 worker ants
  8 big kobold zombies (Ossuary)
  A hound zombie (D:9)
  A hound skeleton (D:7)
  2 mummies
  8 gnolls
  17 adders
  3 shadow imps
  4 worms
  4 dart slugs
  2 leopard geckos
  22 orcs
  3 spectral bats (Ossuary)
  4 bats
  9 giant cockroaches
  4 gnoll zombies (Ossuary)
  4 goblins
  9 hobgoblins
  8 jackals
  26 kobolds
  7 quokkas
  8 bat simulacra (Ossuary)
  4 frilled lizards
  6 goblin simulacra (Ossuary)
  7 goblin zombies (Ossuary)
  3 hobgoblin zombies (Ossuary)
  2 kobold simulacra (Ossuary)
  2 kobold zombies (Ossuary)
  A leopard gecko zombie (D:6)
  6 orc zombies (Ossuary)
  7 rats
  6 spectral goblins (Ossuary)
  6 spectral kobolds (Ossuary)
287 creatures vanquished.

Vanquished Creatures (others)
  2 slaves (D:8)
  A hungry ghost (D:8)
  A bullfrog zombie (D:8)
  A giant cockroach (D:8)
5 creatures vanquished.

Grand Total: 292 creatures vanquished

Notes
Turn   | Place    | Note
-------+----------+-------------------------------------------
     0 | D:1      | Atlas the Mummy Necromancer began the quest for the Orb.
     0 | D:1      | Reached XP level 1. HP: 13/13 MP: 4/4
   167 | D:1      | Reached XP level 2. HP: 15/19 MP: 0/5
   553 | D:1      | Reached XP level 3. HP: 24/24 MP: 5/7
   558 | D:1      | Learned a level 3 spell: Vampiric Draining
  1147 | D:2      | Found a blossoming altar of Fedhas.
  1332 | D:2      | Reached skill level 5 in Necromancy
  1336 | D:2      | Reached XP level 4. HP: 30/30 MP: 3/9
  2525 | D:3      | Noticed an ogre
  2539 | D:3      | Found a sacrificial altar of Ru.
  2646 | D:3      | Killed an ogre
  2646 | D:3      | Reached XP level 5. HP: 23/35 MP: 1/12
  2754 | D:3      | Reached skill level 5 in Spellcasting
  2864 | D:3      | Noticed a sky beast
  2898 | D:3      | Killed a sky beast
  2898 | D:3      | Reached XP level 6. HP: 25/41 MP: 3/14
  3300 | D:4      | Found a sand-covered staircase.
  3311 | D:4      | Reached skill level 1 in Armour
  3319 | Ossuary  | Entered an ossuary
  3936 | Ossuary  | Reached skill level 1 in Short Blades
  4342 | Ossuary  | Reached XP level 7. HP: 42/47 MP: 15/15
  4454 | Ossuary  | Reached skill level 1 in Fighting
  5449 | D:4      | Found a sacrificial altar of Ru.
  5488 | D:4      | Found a staircase to the Ecumenical Temple.
  5573 | Temple   | Entered the Ecumenical Temple
  5854 | D:5      | Entered Level 5 of the Dungeon
  6573 | D:5      | Reached skill level 1 in Maces & Flails
  6605 | D:5      | Reached XP level 8. HP: 54/56 MP: 10/17
  7841 | D:6      | Found Xeyloare's Antique Armour Shoppe.
  7844 | D:6      | Noticed Edmund
  7860 | D:6      | Killed Edmund
  8038 | D:6      | Found a glowing silver altar of Zin.
  8038 | D:6      | Found an opulent altar of Gozag.
  8071 | D:6      | Became a worshipper of Gozag Ym Sagoz the Greedy
  8555 | D:6      | Reached XP level 9. HP: 62/63 MP: 19/19
  8652 | D:6      | Noticed Sigmund
  8674 | D:6      | Killed Sigmund
  9434 | D:7      | Noticed Prince Ribbit
  9450 | D:7      | Killed Prince Ribbit
  9792 | D:7      | Found an ornate altar of the Wu Jian Council.
 10282 | D:7      | Found Naut's Weapon Emporium.
 10449 | D:8      | Noticed Pikel
 10470 | D:8      | Killed Pikel
 10470 | D:8      | Reached skill level 5 in Maces & Flails
 10948 | D:8      | Reached XP level 10. HP: 32/71 MP: 15/22
 13137 | D:9      | Noticed a two-headed ogre
 13404 | D:9      | Slain by a two-headed ogre

Levels and vault maps discovered:
D:1:      roderic_crop_circles_arrival_large, layout_basic
D:2:      layout_basic, lemuel_crystal_altar, first_ration
D:3:      layout_rooms, marbit_many_paths
D:4:      layout_rooms, temple_hall, gup_ossuary_entry_pyramid,
          nicolae_ru_awakened_eye
D:5:      layout_loops_ring, guppyfry_early_lair_pool
D:6:      layout_loops_corners, grunt_temple_overflow_gold_and_silver,
          serial_glass, glass_columns_a, glass_columns_a, serial_shops, shop,
          minmay_misc_feat_room, uniq_edmund, uniq_sigmund
D:7:      layout_basic, kennysheep_mini_moat, serial_shops, shop_statue,
          uniq_prince_ribbit1
D:8:      layout_layer_cave, uniq_pikel
D:9:      layout_cave_pools, kennysheep_mini, david_lair_shrubbed,
          ebering_ghost_xom
Temple:   eino_temple_scatter_basement
Ossuary:  ossuary_zaba_two_paths

Skill      XL: |  1  2  3  4  5  6  7  8  9 10 |
---------------+-------------------------------+-----
Spellcasting   | 3 4 5 6 7 8 |  8.8
Necromancy     | 5 6 7 8 |  8.1
Armour         | 1 2 3 4 |  4.5
Short Blades   | 1 2 |  2.4
Dodging        | 2 3 4 |  4.6
Fighting       | 2 3 4 |  4.4
Maces & Flails | 1 3 5 6 |  6.3
Stealth        | 2 |  2.1

Action                   |  1- 3 |  4- 6 |  7- 9 | 10-12 || total
-------------------------+-------+-------+-------+-------++-------
Melee: Unarmed           |    18 |     2 |       |       ||    20
       Dagger            |       |   361 |   364 |       ||   725
       Flail             |       |       |   569 |    55 ||   624
       Morningstar       |       |       |       |   229 ||   229
 Cast: Pain              |    62 |    96 |    20 |     2 ||   180
       Vampiric Draining |       |     6 |    44 |    25 ||    75
Evoke: Wand              |       |       |       |     1 ||     1
  Use: Scroll            |       |       |    10 |     2 ||    12
 Stab: Sleeping          |       |       |     1 |       ||     1
Armor: Robe              |     5 |     2 |       |       ||     7
       Ring mail         |       |   182 |   513 |   251 ||   946
Dodge: Dodged            |    17 |   231 |   627 |   345 ||  1220

Table legend:
 A = Non-vault XP
 B = Vault XP
 C = Vault XP percentage of total XP
 D = Non-vault monster count
 E = Vault monster count
 F = Vault count percentage of total count
                 A         B        C        D         E       F
            +---------+---------+-------+---------+---------+-------
      Total |    6778 |    1626 |  19.3 |     214 |      72 |  25.2
            +---------+---------+-------+---------+---------+-------
        D:1 |      64 |       0 |   0.0 |      29 |       0 |   0.0
        D:2 |      85 |       0 |   0.0 |      25 |       0 |   0.0
        D:3 |     340 |      13 |   3.7 |      18 |       1 |   5.3
        D:4 |     125 |      16 |  11.3 |      14 |       1 |   6.7
        D:5 |     662 |      54 |   7.5 |      16 |       4 |  20.0
        D:6 |    1341 |     389 |  22.5 |      32 |       2 |   5.9
        D:7 |     736 |     251 |  25.4 |      26 |       1 |   3.7
        D:8 |    1879 |     617 |  24.7 |      25 |       1 |   3.8
        D:9 |    1546 |       0 |   0.0 |      29 |       0 |   0.0
    Ossuary |       0 |     286 | 100.0 |       0 |      62 | 100.0
            +---------+---------+-------+---------+---------+-------
